 Dungeon Crawl Stone Soup version 0.27-a0-1051-g288ea87c7c (webtiles) character file.

Game seed: 8630008985818605729

25 siradein the Charlatan (level 2, 0/21 HPs)
             Began as a Demonspawn Artificer on Apr 21, 2021.
             Succumbed to an adder's poison
             ... on level 1 of the Dungeon.
             The game lasted 00:02:59 (2144 turns).

siradein the Charlatan (Demonspawn Artificer)       Turns: 2144, Time: 00:02:59

Health: 0/21       AC:  6    Str: 12    XL:     2   Next: 82%
Magic:  2/2        EV: 10    Int: 12    God:
Gold:   72         SH:  0    Dex: 13    Spells: 1/1 levels left

rFire    . . .     SeeInvis .   i - +0 spear
rCold    . . .     Faith    .   (no shield)
rNeg     . . .     Spirit   .   a - +0 ring mail
rPois    .         Reflect  .   (no helmet)
rElec    .         Harm     .   (no cloak)
rCorr    .         Rampage  .   (no gloves)
Will     .....                  h - +0 pair of boots
Stlth    +.........             (no amulet)
HPRegen  0.07/turn              (no ring)
MPRegen  0.16/turn              (no ring)

@: lethally poisoned (0 -> -7)
A: magic regeneration
a: no special abilities


You were on level 1 of the Dungeon.
You visited 1 branch of the dungeon, and saw 2 of its levels.

You collected 72 gold pieces.

Inventory:

Hand Weapons
 i - a +0 spear (weapon)
Armour
 a - a +0 ring mail (worn)
 h - a +0 pair of boots (worn)
Wands
 c - a wand of flame (15) (quivered)
 d - a wand of charming (15)
Scrolls
 g - 2 scrolls of identify {unknown}
Potions
 f - a potion of lignification {unknown}
Miscellaneous
 e - a piece from Xom's chessboard (15/15)


   Skills:
 + Level 1.5 Fighting
 + Level 2.2 Armour
 + Level 1.4 Dodging
 - Level 0.8 Stealth
 + Level 3.2 Evocations


You had one spell level left.
You didn't know any spells.
Your spell library contained the following spells:

 Spells                   Type           Power      Damage    Failure   Level
 Confusing Touch          Hex            0%         N/A       91%         3
 Gell's Gravitas          Tloc           0%         N/A       91%         3
 Petrify                  Tmut/Erth      0%         N/A       100%        4
 Metabolic Englaciation   Hex/Ice        0%         N/A       100%        5
 Yara's Violent Unravell  Hex/Tmut       0%         3d3       100%        5


Dungeon Overview and Level Annotations

Branches:
Dungeon (2/15)

Altars:

Shops:
D:1 *


Innate Abilities, Weirdness & Mutations

You regenerate magic rapidly.


Message History

You completely miss the adder.
You feel sick. The adder bites you. The adder barely misses you.
You miss the adder.
You feel sick. The adder misses you.
You hit the adder.
The adder is lightly wounded.
You feel sick.
You are no longer poisoned.
The adder barely misses you. The adder bites you.
You miss the adder.
The adder is lightly wounded.
The adder bites you but does no damage.
You closely miss the adder.
The adder is lightly wounded.
The adder bites you.
You are too injured to fight recklessly!
You are too injured to fight recklessly!
You are too injured to fight recklessly!
You are too injured to fight recklessly!
You are too injured to fight recklessly!
The adder barely misses you.
There is a stone staircase leading up here.
The adder bites you.
* * * LOW HITPOINT WARNING * * *
You are poisoned.
The adder poisons you!
You climb upwards.
You feel sick.
There is a stone staircase leading down here.
You feel sick.
You feel sick.
You are no longer poisoned.
The adder closely misses you.
You barely miss the adder.
The adder is lightly wounded.
The adder bites you.
* * * LOW HITPOINT WARNING * * *
You are lethally poisoned!
The adder poisons you!
You miss the adder.
The adder is lightly wounded.
You die...

### ### #.####.#
#......# #.####.#
######.####.#
.......##...#########
####............@S..#
#.####.#########>#
#.# #.# #.#
####.####'## #.#
#..........# #.#
#..........# #รท#
#..........# #.#
#..........# #.#
####'####### #.#


You could see an adder.

Vanquished Creatures
  An adder (D:2)
  A dart slug (D:1)
  An endoplasm (D:1)
  A goblin (D:1)
  A hobgoblin (D:1)
  4 jackals (D:1)
  2 ball pythons (D:1)
  A frilled lizard (D:1)
  A rat (D:1)
13 creatures vanquished.

Notes
Turn   | Place    | Note
-------+----------+-------------------------------------------
     0 | D:1      | siradein the Demonspawn Artificer began the quest for the
                  | Orb.
     0 | D:1      | Reached XP level 1. HP: 15/15 MP: 1/1
   200 | D:1      | Found a faded altar of an unknown god.
   291 | D:1      | Reached skill level 1 in Dodging
   405 | D:1      | Found Suukar's General Store.
   965 | D:1      | Gained mutation: You regenerate magic rapidly. [demonic
                  | ancestry]
   965 | D:1      | Reached XP level 2. HP: 17/21 MP: 2/2
  1731 | D:2      | HP: 1/21 [poisoned by an adder]
  2144 | D:1      | Succumbed to an adder's poison

Illustrated notes

Levels and vault maps discovered:
D:1:      matt_arrival_spirals, layout_basic, serial_shops, nicolae_shop_stone,
          shapermc_ecumenical_altar_mp_vishouse
D:2:      kennysheep_six_static_rooms, layout_rooms, serial_forest,
          infiniplex_forest_lined_corner, infiniplex_forest_lined_ring,
          infiniplex_forest_clump_curved, infiniplex_forest_clump_double,
          infiniplex_forest_clump_small, infiniplex_forest_clump_small,
          serial_shops, nicolae_shop_competitors_out_of_business, basic_altar

Skill      XL: |  1 |
---------------+----+-----
Dodging        | 1 |  1.4
Armour         | 2 |  2.2
Fighting       | |  1.5
Stealth        | |  0.8
Evocations     | |  3.2

Action                   || total
-------------------------++-------
Melee: Spear             ||    58
       Club              ||    10
Armor: Ring mail         ||    24
       Leather armour    ||     4
Dodge: Dodged            ||    35

Table legend: (Time is in decaauts)
 A = Elapsed time spent in this place.
 B = Non-inter-level travel time spent in this place.
 C = Inter-level travel time spent in this place.
 D = Time resting spent in this place.
 E = Time spent auto-exploring this place.
 F = Levels seen in this place.
 G = Mean time per level.
                   A        B        C        D        E       F      G
               +--------+--------+--------+--------+--------+-----+--------+
         Total |   2152 |   2137 |     15 |    514 |   1421 |   2 | 1076.0 |
       Dungeon |   2152 |   2137 |     15 |    514 |   1421 |   2 | 1076.0 |
               +--------+--------+--------+--------+--------+-----+--------+

Top non-repeatable levels by time:
     D:1: 1566 daAuts
     D:2: 585 daAuts
